 Dungeon Sprint DCSS version 0.29.1-12-g30fa7ad0bf (webtiles) character file.

Game seed: 2507278719905670476

8216 Groucho the Nimble (level 11, -7/47 HPs)
             Began as a Spriggan Earth Elementalist on Dec 28, 2022.
             Was the Champion of Vehumet.
             Mangled by a swamp dragon (8 damage)
             ... in the Dungeon (Sprint VII: "The Pits").
             The game lasted 00:15:22 (6907 turns).

Groucho the Nimble (Spriggan Earth Elementalist)    Turns: 6907, Time: 00:15:22

Health: -7/47      AC:  2    Str:  4    XL:     11   Next: 7%
Magic:  23/29      EV: 32    Int: 21    God:    Vehumet [******]
Gold:   0          SH:  0    Dex: 19    Spells: 28/37 levels left

rFire   . . .      SeeInvis +   q - +4 quarterstaff (speed)
rCold   . . .      Faith    .   (shield currently unavailable)
rNeg    . . .      Spirit   .   a - +0 robe
rPois   .          Reflect  .   (helmet restricted)
rElec   .          Harm     .   (no cloak)
rCorr   .          Rampage  .   (gloves unavailable)
Will    +....      NoTele   +   (boots unavailable)
Stlth   +++.......              (no amulet)
HPRegen 0.15/turn               g - +3 ring of dexterity
MPRegen 0.21/turn               n - +3 ring of evasion

@: lethally poisoned (-7 -> -18), very quick
A: very small, no large weapons, unfitting armour, see invisible, speed 3
a: Renounce Religion


You were in the Dungeon.
You worshipped Vehumet.
Vehumet was exalted by your worship.
You visited 1 branch

Inventory:

Hand Weapons
 q - a +4 quarterstaff of speed (weapon)
Missiles
 j - 13 stones
Armour
 a - a +0 robe (worn)
Jewellery
 g - a +3 ring of dexterity (left hand)
 n - a +3 ring of evasion (right hand)
Scrolls
 k - 5 scrolls of amnesia
 l - a scroll of summoning
Potions
 b - 4 potions of magic
 c - 6 potions of curing
 d - 11 potions of heal wounds
 e - 3 potions of haste
 f - 3 potions of berserk rage
 i - 2 potions of invisibility
 o - a potion of resistance
 p - a potion of brilliance


   Skills:
 + Level 14.8 Dodging
 - Level 3.0 Stealth
 + Level 13.5 Spellcasting
 * Level 11.0 Conjurations
 - Level 7.0 Transmutations
 + Level 4.0 Air Magic
 * Level 14.7 Earth Magic


You had 28 spell levels left.
You knew the following spells:

 Your Spells              Type           Power      Damage    Failure   Level
a - Sandblast             Erth           100%       2d20      0%          1
b - Stone Arrow           Conj/Erth      100%       3d13      1%          3
c - Lightning Bolt        Conj/Air       22%        1d38      1%          5

Your spell library contained the following spells:

 Spells                   Type           Power      Damage    Failure   Level
 Eringya's Noxious Bog    Tmut/Pois      14%        N/A       38%         6
 Passwall                 Tmut/Erth      46%        N/A       1%          2
 Petrify                  Tmut/Erth      56%        N/A       1%          4


Dungeon Overview and Level Annotations

Branches:
Dungeon (1/1)

Altars:
Ashenzari
Cheibriados
Dithmenos
Elyvilon
Fedhas
Gozag
Hepliaklqana
Kikubaaqudgha
Makhleb
Nemelex Xobeh
Okawaru
Qazlal
Ru
Sif Muna
Trog
Uskayaw
Vehumet
Wu Jian
Xom
Yredelemnul
Zin
The Shining One
Jiyva
Lugonu


Innate Abilities, Weirdness & Mutations

You are very small and have problems with some larger weapons.
You are too small for most types of armour.
You have supernaturally acute eyesight. (SInv)
You cover ground extremely quickly. (Speed+++)


Message History

a +0 falchion; a +0 chain mail You start resting.
Magic restored.
You start waiting.
You start waiting.
A swamp dragon comes into view.
The swamp dragon roars deafeningly!
The swamp dragon breathes poison at you.
The blast of poison misses you.
Okay, then.
Casting: Stone Arrow (safe; 1% risk of failure)
Confirm with . or Enter, or press ? or * to list all spells.
Aiming: Stone Arrow (safe; 1% risk of failure)
Press: ? - help, Shift-Dir - straight line, f - swamp dragon
Aim: a swamp dragon (catching its breath, 87% to hit)
The stone arrow hits the swamp dragon!
The swamp dragon is moderately wounded.
You are engulfed in poison gas.
You are poisoned.
You feel very sick.
Unknown command.
Casting: Stone Arrow (safe; 1% risk of failure)
Confirm with . or Enter, or press ? or * to list all spells.
Aiming: Stone Arrow (safe; 1% risk of failure)
Press: ? - help, Shift-Dir - straight line, f/p - swamp dragon
Aim: a swamp dragon (poison gas, moderately wounded, catching its breath, 87% to hit)
The stone arrow hits the swamp dragon!
The swamp dragon is moderately wounded.
You are engulfed in poison gas.
You are more poisoned.
You feel very sick. The swamp dragon bites you!
* * * LOW HITPOINT WARNING * * *
The swamp dragon claws you.
* * * LOW HITPOINT WARNING * * *
The swamp dragon completely misses you.
You feel better.
You are engulfed in poison gas.
You are lethally poisoned!
* * * LOW HITPOINT WARNING * * *
x2 You feel very sick.
The swamp dragon completely misses you. The swamp dragon claws you!
You die...

+#####....))#..#......#
.#..##.......))).)....#
.#))#####'#####''######
##.)##.......##)'##########
.#))##.......##......#...' #
.#[[##.......##....###...## #.
##'###...<...##)☼.##.'...'.## ...
....##.......##☼☼##..##'##..##...
....##.......##○@#..##...##..'...
######.......##○D#..#.....#..#...
.#..###########○°)..).....+..)...
.#.############..#..#.....#..#...
.#.#....#..[[##..#..##...##..'...
.#)#....#..[[##..##..##)##..##...
.#.'....'..))##...##.'...'.## ...
.#'#....#..))##....###...## #.
.).#....#).).##......#...' #


You could see a swamp dragon.

Vanquished Creatures
  A death knight (D)
  An orc high priest (D)
  A bog body (D)
  A flayed ghost (D)
  An orc knight (D)
  2 orc sorcerers (D)
  A gargoyle (D)
  An orange demon (D)
  3 kobold demonologists (D)
  An ice devil (D)
  A rime drake (D)
  A troll (D)
  Grinder (D)
  3 jumping spiders (D)
  An air elemental (D)
  A shadow (D)
  A ynoxinul (D)
  A steam dragon (D)
  2 vampire mosquitoes (D)
  2 wargs (D)
  Duvessa (D)
  A water moccasin (D)
  An orc warrior (D)
  Pargi (D)
  A swamp drake (D)
  A wolf (D)
  2 kobold brigands (D)
  Dowan (D)
  A quasit (D)
  An iron imp (D)
  An orc priest (D)
  An iguana (D)
  Terence (D)
  An orc wizard (D)
  A hell rat (D)
  A gnoll (D)
  An adder (D)
  An ufetubus (D)
  8 orcs (D)
  A bat skeleton (D)
  2 endoplasms (D)
  3 jackals (D)
  2 quokkas (D)
  A ball python (D)
  A ball python zombie (D)
  A bat (D)
  A kobold (D)
  2 rats (D)
68 creatures vanquished.

Notes
Turn   | Place    | Note
-------+----------+-------------------------------------------
     0 | D        | Groucho the Spriggan Earth Elementalist began the quest for
                  | the Orb.
     0 | D        | Reached XP level 1. HP: 9/9 MP: 5/5
    19 | D        | Reached XP level 2. HP: 13/13 MP: 2/7
    58 | D        | Found a glowing golden altar of the Shining One.
    58 | D        | Found a glowing silver altar of Zin.
    58 | D        | Found a basalt altar of Yredelemnul.
    58 | D        | Found a shimmering altar of Xom.
    58 | D        | Found an ornate altar of the Wu Jian Council.
    58 | D        | Found a bloodstained altar of Trog.
    58 | D        | Found a shimmering blue altar of Sif Muna.
    58 | D        | Found a sacrificial altar of Ru.
    58 | D        | Found a stormy altar of Qazlal.
    58 | D        | Found an iron altar of Okawaru.
    58 | D        | Found a sparkling altar of Nemelex Xobeh.
    58 | D        | Found a burning altar of Makhleb.
    58 | D        | Found a viscous altar of Jiyva.
    58 | D        | Found a hazy altar of Hepliaklqana.
    58 | D        | Found an opulent altar of Gozag.
    58 | D        | Found a blossoming altar of Fedhas.
    58 | D        | Found a white marble altar of Elyvilon.
    58 | D        | Found a shadowy altar of Dithmenos.
    58 | D        | Found a snail-covered altar of Cheibriados.
    59 | D        | Found a radiant altar of Vehumet.
    59 | D        | Found a corrupted altar of Lugonu.
    60 | D        | Found a hide-covered altar of Uskayaw.
    60 | D        | Found an ancient bone altar of Kikubaaqudgha.
    60 | D        | Found a broken altar of Ashenzari.
    67 | D        | Became a worshipper of Vehumet
    99 | D        | Reached * piety under Vehumet
    99 | D        | Offered knowledge of Shock by Vehumet.
   235 | D        | Reached ** piety under Vehumet
   256 | D        | Noticed Grinder
   260 | D        | Offered knowledge of Freeze by Vehumet.
   268 | D        | Paralysed by Grinder for 2 turns
   284 | D        | Paralysed by Grinder for 3 turns
   289 | D        | Killed Grinder
   290 | D        | Reached XP level 3. HP: 15/16 MP: 1/12
   290 | D        | Reached XP level 4. HP: 20/21 MP: 1/13
   290 | D        | Reached XP level 5. HP: 23/24 MP: 1/15
   668 | D        | Offered knowledge of Inner Flame by Vehumet.
   725 | D        | Learned a level 3 spell: Stone Arrow
   729 | D        | Noticed a warg
   749 | D        | Reached *** piety under Vehumet
   776 | D        | Noticed a jumping spider
   852 | D        | Reached skill level 1 in Conjurations
   875 | D        | Reached **** piety under Vehumet
  1279 | D        | Killed a warg
  1279 | D        | Offered knowledge of Flame Wave by Vehumet.
  1280 | D        | Reached XP level 6. HP: 28/28 MP: 5/17
  1566 | D        | Offered knowledge of Iskenderun's Battlesphere by Vehumet.
  1569 | D        | Noticed an orange demon
  1572 | D        | Killed an orange demon
  1573 | D        | Reached XP level 7. HP: 32/32 MP: 10/20
  1934 | D        | Noticed Pargi
  1945 | D        | Reached ***** piety under Vehumet
  1945 | D        | Offered knowledge of Hailstorm by Vehumet.
  1953 | D        | Killed Pargi
  1954 | D        | Reached skill level 5 in Conjurations
  2263 | D        | Noticed a jumping spider
  2263 | D        | Noticed an orc sorcerer
  2263 | D        | Paralysed by an orc sorcerer for 3 turns
  2272 | D        | Killed a jumping spider
  2273 | D        | Reached skill level 10 in Dodging
  2273 | D        | Reached skill level 10 in Earth Magic
  2277 | D        | Reached XP level 8. HP: 28/36 MP: 0/22
  2278 | D        | Paralysed by an orc sorcerer for 2 turns
  2280 | D        | Killed an orc sorcerer
  2844 | D        | Reached skill level 10 in Spellcasting
  2845 | D        | Killed a jumping spider
  3165 | D        | Noticed a kobold demonologist
  3165 | D        | Noticed a kobold demonologist
  3218 | D        | Noticed a gargoyle
  3221 | D        | Killed a gargoyle
  3637 | D        | Killed a kobold demonologist
  3637 | D        | Offered knowledge of Conjure Ball Lightning by Vehumet.
  3638 | D        | Reached XP level 9. HP: 39/39 MP: 14/24
  3758 | D        | Noticed a kobold demonologist
  3762 | D        | Killed a kobold demonologist
  4217 | D        | Noticed an ice devil
  4218 | D        | Noticed Duvessa
  4436 | D        | Noticed a bog body
  4438 | D        | Killed a bog body
  4683 | D        | Offered knowledge of Fireball by Vehumet.
  4833 | D        | Noticed an orc high priest
  4838 | D        | Noticed a troll
  4839 | D        | Killed an orc high priest
  4875 | D        | Reached XP level 10. HP: 23/44 MP: 5/27
  5277 | D        | Offered knowledge of Lightning Bolt by Vehumet.
  5284 | D        | Learned a level 5 spell: Lightning Bolt
  5292 | D        | Noticed Dowan
  5441 | D        | Killed Duvessa
  5457 | D        | Reached skill level 1 in Air Magic
  5480 | D        | Killed Dowan
  5481 | D        | Reached skill level 10 in Conjurations
  5539 | D        | Noticed Terence
  5545 | D        | Killed Terence
  5661 | D        | Offered knowledge of Starburst by Vehumet.
  5819 | D        | Noticed a death knight
  5821 | D        | Paralysed by an air elemental for 1 turns
  5826 | D        | Paralysed by an air elemental for 1 turns
  5861 | D        | Killed a death knight
  6460 | D        | Noticed a flayed ghost
  6486 | D        | Killed a flayed ghost
  6486 | D        | Reached ****** piety under Vehumet
  6543 | D        | Noticed an orc knight
  6565 | D        | Killed an orc knight
  6566 | D        | Reached XP level 11. HP: 35/47 MP: 10/29
  6615 | D        | Noticed an orc sorcerer
  6617 | D        | Killed an orc sorcerer
  6791 | D        | Offered knowledge of Eringya's Noxious Bog by Vehumet.
  6903 | D        | Noticed a swamp dragon
  6907 | D        | HP: 1/47 [poisoned by a swamp dragon (poison gas)]
  6907 | D        | Mangled by a swamp dragon

Illustrated notes

Levels and vault maps discovered:
D:        pitsprint [storerooms_1, entrance_room_1, metal_vault_6, armoury_1,
          mini_pit_1, grid_room_1, main_hall_1, silver_pit, the_coven_2,
          the_vestibule_1, steel_vault_2, golden_pit, hallway_of_sentries,
          crystal_vault_1, iron_vault_4, final_vault]

Skill      XL: |  1  2  3  4  5  6  7  8  9 10 11 |
---------------+----------------------------------+-----
Dodging        | 3 7 8 9 10 11 13 14 | 14.8
Spellcasting   | 3 6 7 8 9 10 12 13 | 13.5
Transmutations | 2 6 7 |  7.0
Earth Magic    | 3 7 8 9 10 11 13 14 | 14.7
Conjurations   | 3 4 5 7 9 10 11 | 11.0
Air Magic      | 3 4 |  4.0
Stealth        | |  3.0

Action                   |  1- 3 |  4- 6 |  7- 9 | 10-12 || total
-------------------------+-------+-------+-------+-------++-------
Melee: Quarterstaff      |       |     2 |       |       ||     2
 Cast: Sandblast         |    21 |    10 |     5 |     6 ||    42
       Stone Arrow       |       |    10 |    53 |    57 ||   120
       Lightning Bolt    |       |       |       |     2 ||     2
  Use: Scroll            |       |       |     1 |       ||     1
       Potion            |       |       |     1 |     3 ||     4
Armor: Robe              |     3 |     2 |     1 |     1 ||     7
Dodge: Dodged            |     8 |    12 |    24 |    19 ||    63
